 Dungeon Crawl Stone Soup version 0.28.0 (webtiles) character file.

Game seed: 5516375409041545657

58 Alacron the Poker (level 4, 0/28 HPs)
             Began as a Tengu Berserker on Feb 16, 2022.
             Was a Follower of Trog.
             Slain by Terence (5 damage)
             ... on level 2 of the Dungeon.
             The game lasted 00:01:58 (1637 turns).

Alacron the Poker (Tengu Berserker)                 Turns: 1637, Time: 00:01:59

Health: 0/28       AC:  5    Str: 19    XL:     4   Next: 2%
Magic:  5/5        EV: 11    Int:  7    God:    Trog [*.....]
Gold:   75         SH:  0    Dex: 14    Spells: 3/3 levels left

rFire   . . .      SeeInvis .   a - +0 spear
rCold   . . .      Faith    .   (no shield)
rNeg    . . .      Spirit   .   e - +0 ring mail
rPois   .          Reflect  .   (helmet restricted)
rElec   .          Harm     .   (no cloak)
rCorr   .          Rampage  .   (no gloves)
Will    .....                   (boots unavailable)
Stlth   +.........              (no amulet)
HPRegen 0.09/turn               (no ring)
MPRegen 0.09/turn               (no ring)

@: lethally poisoned (0 -> -16)
A: beak, talons 3
a: Renounce Religion, Berserk


You were on level 2 of the Dungeon.
You worshipped Trog.
Trog was aware of your devotion.
You visited 1 branch of the dungeon, and saw 2 of its levels.

You collected 75 gold pieces.

Inventory:

Hand Weapons
 a - a +0 spear (weapon)
Armour
 e - a +0 ring mail (worn)
Scrolls
 b - a scroll of magic mapping {unknown}
 g - a scroll of identify {unknown}
Potions
 c - a potion of lignification {unknown}
 d - a potion of heal wounds {unknown}
 f - a potion of curing {unknown}


   Skills:
 - Level 3.4 Fighting
 - Level 4.3 Polearms
 + Level 2.4 Armour
 - Level 2.6 Dodging
 - Level 0.5 Stealth


You had 3 spell levels left.
You didn't know any spells.
Your spell library was empty.

Dungeon Overview and Level Annotations

Branches:
Dungeon (2/15)

Altars:

Annotations:
D:2 Terence


Innate Abilities, Weirdness & Mutations

You have a beak for a mouth.
You have claws for feet.


Message History

Terence says, "Rest in peace."
Terence moves out of view.
You open the door.
There is an open door here.
You hear a zap.
Some rock shatters into small pieces.
Found 20 stones.
Terence is nearby!
Terence is nearby!
Terence barely misses you.
Terence is nearby!
You reach to attack!
You hit Terence.
Terence is moderately wounded.
Terence barely misses you.
Terence is nearby!
You reach to attack!
You hit Terence.
Terence is moderately wounded.
Terence hits you from afar with a +0 trident of venom!
You are poisoned.
Terence is nearby!
You reach to attack!
You closely miss Terence.
Terence is moderately wounded.
You feel very sick.
Terence hits you from afar with a +0 trident of venom!
You are more poisoned.
There is a lethal amount of poison in your body!
You are too injured to fight recklessly!
There is a lethal amount of poison in your body!
You are too injured to fight recklessly!
There is a lethal amount of poison in your body!
You are too injured to fight recklessly!
There is a lethal amount of poison in your body!
You are too injured to fight recklessly!
There is a lethal amount of poison in your body!
You are too injured to fight recklessly!
There is a lethal amount of poison in your body!
* * * LOW HITPOINT WARNING * * *
You feel very sick.
Terence hits you with a +0 trident of venom.
You die...

#######
#.....########
#............#
###............##
.............(...
#.......@....#
#.....#@# #.......#
#.######....#
#......'....+
#.#####.....# #.
#.#....########
#.###.#####........#
#.#...<# #.######.#
#^#.#### #......#.#


You could see Terence.

Vanquished Creatures
  3 adders (D:2)
  A worm (D:2)
  An endoplasm (D:2)
  6 goblins
  2 hobgoblins (D:1)
  A kobold (D:2)
  3 quokkas
  5 ball pythons
  2 bats (D:1)
  5 rats
29 creatures vanquished.

Notes
Turn   | Place    | Note
-------+----------+-------------------------------------------
     0 | D:1      | Alacron the Tengu Berserker began the quest for the Orb.
     0 | D:1      | Reached XP level 1. HP: 14/14 MP: 2/2
   233 | D:1      | Reached XP level 2. HP: 16/19 MP: 3/3
   419 | D:1      | Found a faded altar of an unknown god.
  1179 | D:2      | Reached skill level 4 in Polearms
  1179 | D:2      | Reached XP level 3. HP: 15/23 MP: 4/4
  1567 | D:2      | Reached XP level 4. HP: 26/28 MP: 5/5
  1627 | D:2      | Noticed Terence
  1637 | D:2      | Slain by Terence

Illustrated notes

Levels and vault maps discovered:
D:1:      nicolae_arrival_memento_mori, layout_basic,
          hellmonk_ecumenical_altar_leap_of_faith
D:2:      layout_basic, basic_altar, kennysheep_generic_room_16, uniq_terence

Skill      XL: |  1  2 |
---------------+-------+-----
Polearms       | 4 |  4.3
Fighting       | |  3.4
Armour         | |  2.4
Dodging        | |  2.6
Stealth        | |  0.5

Action                   |  1- 3 |  4- 6 || total
-------------------------+-------+-------++-------
Melee: Spear             |    88 |     3 ||    91
       Kick              |    20 |       ||    20
       Peck              |    12 |       ||    12
       Punch             |     1 |       ||     1
 Stab: Sleeping          |     2 |       ||     2
Armor: Animal skin       |     7 |       ||     7
       Ring mail         |     5 |       ||     5
Dodge: Dodged            |    39 |     2 ||    41
